 Dungeon Crawl Stone Soup version 0.27.0-1-g7a089689b8 (webtiles) character file.

Game seed: 8112979368025238660

1561 Crownlay the Cleaver (level 8, 0/64 HPs)
             Began as a Hill Orc Fighter on Aug 13, 2021.
             Slain by Prince Ribbit (15 damage)
             ... on level 6 of the Dungeon.
             The game lasted 00:12:21 (8090 turns).

Crownlay the Cleaver (Hill Orc Fighter)             Turns: 8090, Time: 00:12:22

Health: 0/64       AC: 12    Str: 21    XL:     8   Next: 89%
Magic:  8/8        EV: 10    Int:  8    God:
Gold:   268        SH:  4    Dex: 10    Spells: 7/7 levels left

rFire    . . .     SeeInvis .   a - +0 war axe
rCold    . . .     Faith    .   h - +0 buckler
rNeg     + . .     Spirit   .   j - +0 plate armour
rPois    .         Reflect  .   v - +0 helmet
rElec    .         Harm     .   (no cloak)
rCorr    .         Rampage  .   (no gloves)
Will     .....                  (no boots)
Stlth    ..........             (no amulet)
HPRegen  0.20/turn              n - +4 ring of evasion
MPRegen  0.11/turn              D - ring of positive energy

@: no status effects
A: no striking features
a: no special abilities


You were on level 6 of the Dungeon.
You visited 1 branch of the dungeon, and saw 6 of its levels.

You collected 268 gold pieces.

Inventory:

Hand Weapons
 a - a +0 war axe (weapon)
Armour
 c - a +0 kite shield
 h - a +0 buckler (worn)
 j - a +0 plate armour (worn)
 v - a +0 helmet (worn)
Jewellery
 n - a +4 ring of evasion (left hand)
 u - a ring of wizardry
 D - a ring of positive energy (right hand)
 F - an amulet of the acrobat
Wands
 y - a wand of iceblast (14)
 C - a wand of polymorph (1)
 G - a wand of flame (12)
Scrolls
 b - a scroll of magic mapping
 f - a scroll of fear {unknown}
 g - 4 scrolls of teleportation
 k - a scroll of vulnerability {unknown}
 o - a scroll of noise {unknown}
 q - a scroll of summoning {unknown}
 r - 2 scrolls of torment {unknown}
 t - a scroll of enchant armour {unknown}
 w - a scroll of blinking
 z - 2 scrolls of immolation
 A - a scroll of amnesia
 E - a scroll of enchant weapon
Potions
 d - a potion of might
 e - a potion of attraction
 i - 2 potions of heal wounds {unknown}
 l - 2 potions of degeneration {unknown}
 m - a potion of berserk rage {unknown}
 s - a potion of haste {unknown}
 x - a potion of magic {unknown}
 B - a potion of brilliance {unknown}


   Skills:
 - Level 3.6 Fighting
 * Level 13.5 Axes
 - Level 3.2 Armour
 - Level 4.0 Shields


You had 7 spell levels left.
You didn't know any spells.
Your spell library contained the following spells:

 Spells                   Type           Power      Damage    Failure   Level
 Magic Dart               Conj           0%         1d3       100%        1
 Summon Small Mammal      Summ           0%         N/A       100%        1
 Ensorcelled Hibernation  Hex/Ice        0%         N/A       100%        2
 Searing Ray              Conj           0%         3d3       100%        2
 Sublimation of Blood     Necr           0%         N/A       100%        2
 Wereblood                Tmut           0%         N/A       100%        2
 Call Canine Familiar     Summ           0%         N/A       100%        3
 Spider Form              Tmut/Pois      0%         N/A       100%        3
 Summon Guardian Golem    Hex/Summ       0%         N/A       100%        3
 Fulminant Prism          Conj/Hex       0%         3d6       100%        4
 Passage of Golubria      Tloc           N/A        N/A       100%        4
 Silence                  Hex/Air        0%         N/A       100%        5
 Shadow Creatures         Summ           N/A        N/A       100%        6
 Summon Hydra             Summ           0%         N/A       100%        7
 Lehudib's Crystal Spear  Conj/Erth      0%         10d2      100%        8


Dungeon Overview and Level Annotations

Branches:
Dungeon (6/15)
 Temple: D:4-7

Altars:
Elyvilon
Fedhas
Kikubaaqudgha
Wu Jian

Shops:
D:2 (

Annotations:
D:6 Prince Ribbit


Message History

You miss the electric eel.
The electric eel is severely wounded.
You barely miss the electric eel.
The electric eel is severely wounded.
You slash the electric eel!
You kill the electric eel!
You hear a splash.
You enter the shallow water.
Moving in this stuff is going to be slow.
You see here an electric eel corpse.
You slash the electric eel!
The electric eel is heavily wounded.
You hit the electric eel.
The electric eel is severely wounded.
The electric eel shoots out a bolt of lightning at you!
The bolt of electricity hits you.
Your unstable footing causes you to fumble your attack.
You miss the electric eel.
The electric eel is severely wounded.
The electric eel shoots out a bolt of lightning at you!
The bolt of electricity hits you.
You barely miss the electric eel.
The electric eel is severely wounded.
You closely miss Prince Ribbit. Prince Ribbit hits you!
Your unstable footing causes you to fumble your attack.
Prince Ribbit barely misses you.
The electric eel shoots out a bolt of lightning at you!
The bolt of electricity hits you!
Your unstable footing causes you to fumble your attack.
Prince Ribbit hits you!
* * * LOW HITPOINT WARNING * * *
Prince Ribbit asks, "Just a little smooch?"
Prince Ribbit misses you.
Your unstable footing causes you to fumble your attack.
Prince Ribbit barely misses you. Prince Ribbit barely misses you.
Things that are here:
a +0 halberd; a +0 chain mail; an orc corpse Prince Ribbit hits you!
You die...

+≈≈P≈ .... .≈≈P≈ .(...
.♣≈≈P♣ ....... .≈≈≈≈≈
..≈≈... .P≈≈≈≈♣ ..≈≈≈#
..≈≈≈P≈####'##≈≈≈
.≈≈P≈≈≈♣).)...#
..≈≈≈≈;†♣F....# ≈≈≈ ...
..≈≈≈≈≈≈♣@....###≈≈ #g...
.≈≈≈≈≈≈♣♣÷....#.##≈
≈##F..
..≈≈≈P≈≈♣.....#..## ≈≈##.
...≈≈≈≈≈P.....#...##≈≈≈##
...≈≈≈≈≈♣.....#....##≈≈≈#
.≈≈≈≈♣≈P......#.....##
..≈≈≈##'##....#......##≈≈
... #....#.......##≈≈ ...
#....'........##≈


You could see Prince Ribbit.

Vanquished Creatures
  Edmund (D:4)
  A hornet zombie (D:6)
  An orc warrior (D:6)
  An ogre (D:4)
  A centaur (D:6)
  2 phantoms
  A gnoll sergeant (D:6)
  A bullfrog (D:6)
  A scorpion (D:6)
  A wyvern skeleton (D:5)
  The ghost of DevastatorOne the Skirmisher, a weakling OgEn of Vehumet (D:3)
  An electric eel (D:6)
  4 hounds
  2 orc priests (D:5)
  3 bullfrog skeletons
  An iguana (D:4)
  Jessica (D:2)
  An orc wizard (D:5)
  2 hound zombies (D:5)
  A hound skeleton (D:5)
  A howler monkey zombie (D:5)
  Robin (D:3)
  7 adders
  2 white imps
  A worm (D:2)
  4 dart slugs
  10 orcs
  8 ball pythons
  7 endoplasms
  3 giant cockroaches
  21 goblins
  5 hobgoblins
  11 jackals
  10 kobolds
  7 quokkas
  7 bats
  9 frilled lizards
  4 rats
146 creatures vanquished.

Vanquished Creatures (others)
  4 plants
4 creatures vanquished.

Grand Total: 150 creatures vanquished

Notes
Turn   | Place    | Note
-------+----------+-------------------------------------------
     0 | D:1      | Crownlay the Hill Orc Fighter began the quest for the Orb.
     0 | D:1      | Reached XP level 1. HP: 19/19 MP: 1/1
    22 | D:1      | Reached skill level 3 in Axes
   333 | D:1      | Reached XP level 2. HP: 26/26 MP: 2/2
   985 | D:1      | Reached XP level 3. HP: 31/31 MP: 3/3
  1017 | D:1      | Reached skill level 4 in Axes
  1535 | D:2      | Noticed Jessica
  1554 | D:2      | Killed Jessica
  1555 | D:2      | Reached skill level 5 in Axes
  1555 | D:2      | Reached XP level 4. HP: 10/39 MP: 4/4
  1798 | D:2      | Found Legun's Antique Weapon Emporium.
  2383 | D:3      | Found an ancient bone altar of Kikubaaqudgha.
  2401 | D:3      | Found a white marble altar of Elyvilon.
  2428 | D:3      | Reached skill level 6 in Axes
  2603 | D:3      | Found a large runed translucent door.
  2611 | D:3      | Reached XP level 5. HP: 44/45 MP: 5/5
  2651 | D:3      | Found a large runed translucent door.
  2653 | D:3      | Noticed DevastatorOne's ghost (weakling OgEn)
  2911 | D:3      | Noticed Robin
  2931 | D:3      | Killed Robin
  2986 | D:3      | Found a blossoming altar of Fedhas.
  3075 | D:3      | Noticed a phantom
  3093 | D:3      | Killed a phantom
  3094 | D:3      | Reached skill level 7 in Axes
  3096 | D:3      | Reached XP level 6. HP: 31/51 MP: 6/6
  3280 | D:3      | Found a faded altar of an unknown god.
  3426 | D:3      | Killed DevastatorOne's ghost
  3427 | D:3      | Reached skill level 8 in Axes
  3992 | D:4      | Reached skill level 9 in Axes
  3992 | D:4      | Reached XP level 7. HP: 57/57 MP: 7/7
  4059 | D:4      | Noticed Edmund
  4082 | D:4      | Killed Edmund
  4162 | D:4      | Found an ornate altar of the Wu Jian Council.
  4572 | D:5      | Entered Level 5 of the Dungeon
  4613 | D:5      | Reached skill level 10 in Axes
  5425 | D:5      | Reached skill level 11 in Axes
  5466 | D:5      | Reached XP level 8. HP: 62/64 MP: 8/8
  5765 | D:5      | Identified the +0 plate armour of the Sparrow {Harm rN+}
  6369 | D:6      | HP: 3/64 [centaur/arrow (2)]
  6878 | D:6      | Noticed Prince Ribbit
  7093 | D:6      | Reached skill level 12 in Axes
  7787 | D:6      | Reached skill level 13 in Axes
  8090 | D:6      | Slain by Prince Ribbit

Illustrated notes

Levels and vault maps discovered:
D:1:      dpeg_arrival_long_road, layout_loops_corners, minmay_misc_feat_tower,
          minmay_octomino_c4
D:2:      minmay_skewed_foursquare, layout_rooms, serial_shops, shop,
          hex_medium, uniq_jessica
D:3:      layout_basic, jmf_multi_god_temple,
          mainiacjoe_overflow_surrounded_room,
          shapermc_ecumenical_altar_acropolis, ebering_ghost_disaster_area,
          uniq_robin
D:4:      layout_loops_corners, nicolae_wu_jian_immortal_techniques, uniq_edmund
D:5:      layout_basic, kennysheep_big_empty_room
D:6:      layout_gridville, mainiacjoe_overflow_tiny_flanked,
          grunt_temple_overflow_diamond, minivault_1, serial_bayou_ford_a,
          kennysheep_opposing_triangles, uniq_prince_ribbit1

Skill      XL: |  1  2  3  4  5  6  7  8 |
---------------+-------------------------+-----
Axes           | 3 5 6 7 9 11 13 | 13.5
Shields        | 4 |  4.0
Fighting       | |  3.6
Armour         | |  3.2

Action                   |  1- 3 |  4- 6 |  7- 9 || total
-------------------------+-------+-------+-------++-------
Melee: War axe           |    99 |   191 |   238 ||   528
Throw: Dart              |       |       |    12 ||    12
  Use: Scroll            |       |     1 |     6 ||     7
       Potion            |       |       |     1 ||     1
Armor: Scale mail        |    23 |       |       ||    23
       Plate armour      |    36 |   102 |    87 ||   225
       Skin              |       |       |     7 ||     7
Dodge: Dodged            |    42 |    98 |    96 ||   236
Block: Kite shield       |     1 |       |       ||     1
       Buckler           |    11 |    38 |    64 ||   113
